 Dungeon Crawl Stone Soup version 0.27.1-33-g824d729ab1 (webtiles) character file.

Game seed: 7168557704914667229

70 zeram the Covert (level 4, -3/22 HPs)
             Began as a Spriggan Brigand on Dec 2, 2021.
             Killed from afar by Natasha (7 damage)
             ... with a magic dart
             ... on level 3 of the Dungeon.
             The game lasted 00:02:46 (1901 turns).

zeram the Covert (Spriggan Brigand)                 Turns: 1901, Time: 00:02:47

Health: -3/22      AC:  3    Str:  6 (7)  XL:     4   Next: 3%
Magic:  5/5        EV: 16    Int: 12 (13) God:
Gold:   100        SH:  0    Dex: 13 (16) Spells: 3/3 levels left

rFire    . . .     SeeInvis +   a - +2 dagger
rCold    . . .     Faith    .   (shield restricted)
rNeg     . . .     Spirit   .   b - +0 robe
rPois    .         Reflect  .   (helmet restricted)
rElec    .         Harm     .   c - +0 cloak
rCorr    .         Rampage  .   (gloves unavailable)
Will     .....                  (boots unavailable)
Stlth    ++++......             (no amulet)
HPRegen  0.07/turn              (no ring)
MPRegen  0.09/turn              (no ring)

@: hasted, very quick
A: very small, no large weapons, unfitting armour, see invisible, speed 3
a: no special abilities


You were on level 3 of the Dungeon.
You visited 1 branch of the dungeon, and saw 3 of its levels.

You collected 100 gold pieces.

Inventory:

Hand Weapons
 a - a +2 dagger (weapon)
Missiles
 d - 30 poisoned darts (quivered)
 e - 2 curare-tipped darts
 f - 2 throwing nets
Armour
 b - a +0 robe (worn)
 c - a +0 cloak (worn)
Wands
 s - a wand of iceblast (9)
Scrolls
 i - 3 scrolls of teleportation
Potions
 g - 2 potions of magic
 q - a potion of invisibility {unknown}


   Skills:
 - Level 1.5 Fighting
 - Level 2.1 Short Blades
 - Level 2.0 Throwing
 + Level 1.9 Dodging
 + Level 8.4 Stealth


You had 3 spell levels left.
You didn't know any spells.
Your spell library contained the following spells:

 Spells                   Type           Power      Damage    Failure   Level
 Animate Skeleton         Necr           0%         N/A       32%         1
 Pain                     Necr           0%         1d4       32%         1
 Call Canine Familiar     Summ           0%         N/A       69%         3
 Portal Projectile        Hex/Tloc       0%         N/A       69%         3
 Vampiric Draining        Necr           0%         2d6       69%         3
 Leda's Liquefaction      Hex/Erth       0%         N/A       97%         4


Dungeon Overview and Level Annotations

Branches:
Dungeon (3/15)

Altars:

Annotations:
D:3 Natasha


Innate Abilities, Weirdness & Mutations

You are very small and have problems with some larger weapons.
You are too small for most types of armour.
You have supernaturally acute eyesight. (SInv)
You cover ground extremely quickly. (Speed+++)


Message History

You barely miss Natasha.
Natasha is heavily wounded.
Natasha barely misses you.
You hit Natasha.
Natasha is heavily wounded.
Natasha casts a spell at you.
You easily resist.
Unknown command.
It was a potion of attraction.
You feel attractive to monsters.
Natasha howls an incantation.
Natasha glows brightly for a moment.
Natasha misses you.
It was a potion of curing.
You feel better. Natasha casts a spell at you. The magic dart hits you!
You hit Natasha but do no damage.
Natasha is heavily wounded.
Natasha misses you.
You barely miss Natasha.
Natasha is heavily wounded.
Natasha closely misses you.
You closely miss Natasha.
Natasha is heavily wounded.
Natasha completely misses you.
It was a potion of degeneration.
There was something very wrong with that liquid.
You feel weakened.
You feel dopey.
You feel clumsy.
Natasha casts a spell.
The gnoll is pulled toward you!
It was a potion of cancellation.
Your magical effects are unravelling.
You feel magically purged. The gnoll misses you. Natasha misses you.
You feel less attractive to monsters.
It was a potion of haste.
You feel yourself speed up. The gnoll hits you with a +0 flail!
* * * LOW HITPOINT WARNING * * *
Natasha casts a spell at you. The magic dart hits you!
You die...

,**,****#r#*#..###......>#**,*
,*#...g.gw.....[.#.......#*,**
,*#######.######.#.........**
,* #.# #.###..#...## ** #.#
##.###..##.##
#.#####§§.....#*.#
#...†...§###.##*.# ########g#
*,* *,* #@# *,* *,*
#h#**,***,* #5#,,,,,*,*
#§#,,,,,*,* #..,,,,,*>*
#..,,,,,*,* ***#..,,,,,*,*
*,,...#*****,* ** *** *,***,*
*,*


You could see Natasha, a gnoll and a white imp (summoned).

Vanquished Creatures
  An adder (D:3)
  An adder skeleton (D:3)
  8 bats
  4 endoplasms (D:1)
  3 giant cockroaches (D:2)
  4 goblins
  4 hobgoblins
  3 kobolds
  3 quokkas
  10 ball pythons (D:2)
  6 frilled lizards
  8 rats
55 creatures vanquished.

Notes
Turn   | Place    | Note
-------+----------+-------------------------------------------
     0 | D:1      | zeram the Spriggan Brigand began the quest for the Orb.
     0 | D:1      | Reached XP level 1. HP: 10/10 MP: 2/2
    24 | D:1      | Reached skill level 6 in Stealth
   108 | D:1      | Reached XP level 2. HP: 7/14 MP: 3/3
   634 | D:1      | Reached skill level 7 in Stealth
  1032 | D:2      | Reached XP level 3. HP: 18/18 MP: 4/4
  1222 | D:2      | Found a faded altar of an unknown god.
  1690 | D:2      | Reached skill level 8 in Stealth
  1879 | D:3      | Reached XP level 4. HP: 16/22 MP: 5/5
  1884 | D:3      | Noticed Natasha
  1901 | D:3      | Killed from afar by Natasha

Illustrated notes

Levels and vault maps discovered:
D:1:      wander_arrival_desolate, layout_loops_ring
D:2:      minmay_chambers_of_twos, layout_basic,
          hellmonk_ecumenical_altar_blasted
D:3:      layout_loops_ring, mainiacjoe_overflow_tiny_flanked, uniq_natasha

Skill      XL: |  1  2  3 |
---------------+----------+-----
Stealth        | 6 7 8 |  8.4
Fighting       | |  1.5
Short Blades   | |  2.1
Throwing       | |  2.0
Dodging        | |  1.9

Action                   |  1- 3 |  4- 6 || total
-------------------------+-------+-------++-------
Melee: Dagger            |   151 |    12 ||   163
  Use: Scroll            |     1 |     4 ||     5
       Potion            |       |     5 ||     5
 Stab: Sleeping          |    25 |       ||    25
Armor: Robe              |    14 |     1 ||    15
Dodge: Dodged            |    85 |    11 ||    96
